Falcons vs Ice Hogs

Created - Friday, April 29, 2016 at 01:17

Goals
1 2 3 OT1 OT2 T
Falcons 0 1 0 0 1 2
Ice Hogs 0 0 1 0 0 1
Shots
1 2 3 OT1 OT2 T
Falcons 10 9 6 5 2 32
Ice Hogs 13 6 13 7 0 39

1st period

No Goal

Penalties :
Viktor Svedberg (RIH) for Fighting (Major) at 11:22, Eric Tangradi (SPR) for Fighting (Major) at 11:22, Eric Tangradi (SPR) for instigated a fight (Minor) at 11:22, Eric Tangradi (SPR) for instigated a fight (10 Minutes Misconduct) at 11:22

2nd period

1. Falcons , Tobias Rieder 2 (Dmitrij Jaskin, Freddie Hamilton) at 3:24

Penalties :
Travis Morin (RIH) for Goalie Interference (Minor) at 6:07, Jean-Philippe Cote (RIH) for Fighting (Major) at 8:23, Eric Tangradi (SPR) for Fighting (Major) at 8:23, Eric Tangradi (SPR) for instigated a fight (Minor) at 8:23, Eric Tangradi (SPR) for instigated a fight (10 Minutes Misconduct) at 8:23

3rd period

2. Ice Hogs , Bryce Salvador 2 (Derek Hulak, Ben Holmstrom) at 2:36

Penalties :
Mathieu Brodeur (RIH) for Fighting (Major) at 10:49, Robert Hagg (SPR) for Fighting (Major) at 10:49, Mathieu Brodeur (RIH) for instigated a fight (Minor) at 10:49, Mathieu Brodeur (RIH) for instigated and being the aggresor in a fight (20 Minutes Game Misconduct) at 10:49, Jonathan Marchessault (SPR) for Holding (Minor) at 14:02, Travis Morin (RIH) for Goalie Interference (Minor) at 14:31

Overtime #1

No Goal

Penalties :
Eric Tangradi (SPR) for Roughing (Minor) at 1:46, Ville Pokka (SPR) for Tripping (Minor) at 14:58

Overtime #2

3. Falcons , Freddie Hamilton 3 (Tobias Rieder, Dmitrij Jaskin) at 0:26

Penalties :
No Penalty

Goalie Stats

Christopher Gibson (SPR), 38 saves from 39 shots - (0.974), W, 3-1-1, 80:26 minutes
Yann Danis (RIH), 30 saves from 32 shots - (0.938), OTL, 5-0-2, 80:26 minutes

Players Stats for Falcons

Player Name              G  A  P  +/- PIM S  H  SB GA TA FO     MP     PP MP  PK MP  
------------------------------------------------------------------------------------
Brandon Davidson         0  0  0   0  0   3  1  0  1  3  0/0    33:13   2:14   4:56 
Dmitrij Jaskin           0  2  2   2  0   6  3  1  5  0  1/2    27:20   1:45   6:20 
Drayson Bowman           0  0  0   0  0   1  1  0  0  0  2/3    15:43   0:00   0:57 
Dylan Blujus             0  0  0   0  0   0  0  0  0  1  0/0     7:50   0:00   0:00 
Eric Tangradi            0  0  0   0  36  0  1  1  0  0  0/0    13:43   0:36   0:00 
Freddie Hamilton         1  1  2   2  0   2  0  0  2  1  1/2    18:34   1:45   0:00 
Greg Rallo               0  0  0   0  0   1  0  1  4  0  0/1    20:25   0:00   0:00 
Jacob De La Rose         0  0  0  -1  0   2  1  1  2  1  1/2    26:22   2:18   1:54 
Joey Hishon              0  0  0   0  0   2  3  1  3  1  5/11   20:58   0:24   0:00 
Jonathan Marchessault    0  0  0  -1  2   3  2  2  0  0  0/0    22:21   2:42   0:00 
Markus Granlund          0  0  0  -1  0   3  0  2  3  0  4/14   25:22   2:18   1:42 
Michael Kostka           0  0  0   1  0   2  2  0  0  0  0/0    27:10   2:13   3:29 
Nathan Beaulieu          0  0  0   0  0   0  5  1  0  1  0/0    26:47   2:14   4:56 
Robert Hagg              0  0  0   0  5   1  0  1  1  2  0/0    19:24   0:00   0:00 
Shane Harper             0  0  0   0  0   0  0  0  1  0  0/0    10:05   0:00   0:00 
Tobias Rieder            1  1  2   2  0   3  3  2  2  5  3/20   29:38   1:33   5:57 
Ville Pokka              0  0  0   1  2   1  1  2  0  1  0/0    26:11   2:13   2:31 
Vincent LoVerde          0  0  0   0  0   2  0  3  1  1  0/0    21:07   0:00   0:58 

Players Stats for Ice Hogs

Player Name              G  A  P  +/- PIM S  H  SB GA TA FO     MP     PP MP  PK MP  
------------------------------------------------------------------------------------
Alexandre Carrier        0  0  0   1  0   1  2  0  0  0  0/0    15:31   0:00   0:00 
Anton Volchenkov         0  0  0   0  0   4  2  2  5  1  0/0    34:06   5:02   1:41 
Ben Holmstrom            0  1  1   1  0   1  1  0  0  0  4/9    16:33   0:00   0:29 
Bryce Salvador           1  0  1   0  0   2  3  0  0  2  0/0    31:36   3:30   2:46 
Conor Sheary             0  0  0   0  0   0  1  0  3  0  1/1    18:52   0:00   0:00 
Derek Hulak              0  1  1   1  0   3  1  0  2  1  0/0    16:51   0:00   0:29 
J.T. Miller              0  0  0  -1  0   4  2  1  7  0  2/3    23:32   4:59   1:59 
Jean-Philippe Cote       0  0  0  -1  5   2  2  2  0  2  0/0    21:56   0:00   0:00 
Mathieu Brodeur          0  0  0   0  27  0  0  1  1  1  0/0    14:19   0:00   0:00 
Matt Fraser              0  0  0  -1  0   6  3  0  3  0  0/2    22:44   4:36   0:00 
Oscar Lindberg           0  0  0  -1  0   3  2  0  3  1  9/15   22:00   3:26   2:22 
Petr Straka              0  0  0  -1  0   2  4  0  2  1  0/0    20:09   3:26   0:00 
Scott Wilson             0  0  0  -1  0   0  1  0  1  1  1/1    22:06   3:26   1:59 
T.J. Tynan               0  0  0   0  0   0  2  0  0  0  6/8    17:27   0:00   0:00 
Travis Morin             0  0  0  -1  4   3  0  1  1  0  15/16  22:30   4:58   0:59 
Viktor Svedberg          0  0  0   0  5   0  2  1  0  1  0/0    24:40   3:23   2:46 
Will Acton               0  0  0   0  0   3  5  1  2  1  0/0    21:14   0:23   1:06 
Zach Trotman             0  0  0  -1  0   5  1  1  2  1  0/0    30:44   4:55   1:41 

3 Stars

1 - Tobias Rieder (SPR)
2 - Christopher Gibson (SPR)
3 - Freddie Hamilton (SPR)

Power Play

Falcons - 0 on 3 Attempt(s) - 0.00%
Ice Hogs - 0 on 5 Attempt(s) - 0.00%

Penalty Kill

Falcons - 5 on 5 Attempt(s) - 100.00% - Score 0 goal in Penalty Kill
Ice Hogs - 3 on 3 Attempt(s) - 100.00% - Score 0 goal in Penalty Kill

Team Stat

Falcons - Hits : 23 - Faceoff Wins : 17 - Blocked Shots : 18 - Penalty Minutes : 45
Ice Hogs - Hits : 34 - Faceoff Wins : 38 - Blocked Shots : 10 - Penalty Minutes : 41

Official

Referees : Unknown
Linesman : Unknown

Game Notes

Viktor Svedberg and Eric Tangradi fight to a draw at 11:22 of 1st period
Jean-Philippe Cote beats up Eric Tangradi at 8:23 of 2nd period
Mathieu Brodeur and Robert Hagg fight to a draw at 10:49 of 3rd period
Mathieu Brodeur ejected from game at 10:49 of 3rd period
Mathieu Brodeur from Ice Hogs is suspended for 4 game(s)

Finance

Level 1 -- Attendance: 1848 (92.40%) -- Ticket Income $64,680
Level 2 -- Attendance: 977 (97.70%) -- Ticket Income $14,655
Total Attendance: 2825 (94.17%)
Total Ticket Income: $79,335
Other Income: $38,874
Total Income: $118,209

Falcons

5 vs 5 Forward 
   Center                   Left Wing                Right Wing               Time % Phy DF OF 
 1 Tobias Rieder            Dmitrij Jaskin           Freddie Hamilton         35     1   2  2  
 2 Markus Granlund          Jacob De La Rose         Jonathan Marchessault    30     1   2  2  
 3 Joey Hishon              Eric Tangradi            Greg Rallo               22     1   2  2  
 4 Tobias Rieder            Drayson Bowman           Shane Harper             13     1   2  2  

5 vs 5 Defense 
   Defense                  Defense                                           Time % Phy DF OF 
 1 Brandon Davidson         Nathan Beaulieu                                   35     1   2  2  
 2 Michael Kostka           Ville Pokka                                       30     1   2  2  
 3 Robert Hagg              Vincent LoVerde                                   22     1   2  2  
 4 Dylan Blujus             Brandon Davidson                                  13     1   2  2  

PowerPlay Forward 
   Center                   Left Wing                Right Wing               Time % Phy DF OF 
 1 Tobias Rieder            Dmitrij Jaskin           Freddie Hamilton         60     1   2  2  
 2 Markus Granlund          Jacob De La Rose         Jonathan Marchessault    40     1   2  2  

PowerPlay Defense
   Defense                  Defense                                           Time % Phy DF OF 
 1 Brandon Davidson         Nathan Beaulieu                                   60     1   2  2  
 2 Michael Kostka           Ville Pokka                                       40     1   2  2  

Penalty Kill 4 Players Forward 
   Center                   Wing                     Time % Phy DF OF 
 1 Tobias Rieder            Dmitrij Jaskin           60     1   2  2  
 2 Markus Granlund          Jacob De La Rose         40     1   2  2  

Penalty Kill 4 Players Defense
   Defense                  Defense                  Time % Phy DF OF 
 1 Brandon Davidson         Nathan Beaulieu          60     1   2  2  
 2 Michael Kostka           Ville Pokka              40     1   2  2  

Penalty Kill - 3 Players Forward 
   Forward                                           Time % Phy DF OF 
 1 Tobias Rieder                                     60     1   2  2  
 2 Dmitrij Jaskin                                    40     1   2  2  

Penalty Kill - 3 Players Defense
   Defense                  Defense                  Time % Phy DF OF 
 1 Brandon Davidson         Nathan Beaulieu          60     1   2  2  
 2 Michael Kostka           Ville Pokka              40     1   2  2  

4 vs 4 Forward 
   Center                   Wing                     Time % Phy DF OF 
 1 Tobias Rieder            Dmitrij Jaskin           60     1   2  2  
 2 Markus Granlund          Jacob De La Rose         40     1   2  2  

4 vs 4 Defense
   Defense                  Defense                  Time % Phy DF OF 
 1 Brandon Davidson         Nathan Beaulieu          60     1   2  2  
 2 Michael Kostka           Ville Pokka              40     1   2  2  

Last Minutes Offensive
   Center                   Left Wing                Right Wing               Defense                  Defense                  
   Tobias Rieder            Dmitrij Jaskin           Freddie Hamilton         Brandon Davidson         Nathan Beaulieu          

Last Minutes Defensive
   Center                   Left Wing                Right Wing               Defense                  Defense                  
   Tobias Rieder            Dmitrij Jaskin           Freddie Hamilton         Brandon Davidson         Nathan Beaulieu          

Goaltenders
Starting : Christopher Gibson       
Backup : Andrey Makarov           

Extra Forwards
Normal : Eric Tangradi, Joey Hishon, Drayson Bowman - PP : Eric Tangradi, Joey Hishon - PK : Drayson Bowman
Extra Defensemen
Normal : Robert Hagg, Vincent LoVerde, Dylan Blujus - PP : Robert Hagg - PK : Vincent LoVerde, Dylan Blujus
Penalty Shots
Tobias Rieder, Dmitrij Jaskin, Markus Granlund, Jacob De La Rose, Freddie Hamilton

Ice Hogs

5 vs 5 Forward 
   Center                   Left Wing                Right Wing               Time % Phy DF OF 
 1 Travis Morin             Matt Fraser              J.T. Miller              30     0   2  3  
 2 Oscar Lindberg           Scott Wilson             Petr Straka              25     0   2  3  
 3 T.J. Tynan               Conor Sheary             Will Acton               25     1   2  2  
 4 Ben Holmstrom            Derek Hulak              Alexandre Carrier        20     1   2  2  

5 vs 5 Defense 
   Defense                  Defense                                           Time % Phy DF OF 
 1 Viktor Svedberg          Bryce Salvador                                    30     1   2  2  
 2 Anton Volchenkov         Mathieu Brodeur                                   30     1   2  2  
 3 Jean-Philippe Cote       Zach Trotman                                      30     1   2  2  
 4 Anton Volchenkov         Bryce Salvador                                    10     1   2  2  

PowerPlay Forward 
   Center                   Left Wing                Right Wing               Time % Phy DF OF 
 1 Travis Morin             Matt Fraser              J.T. Miller              50     1   1  3  
 2 Oscar Lindberg           Scott Wilson             Petr Straka              50     1   1  3  

PowerPlay Defense
   Defense                  Defense                                           Time % Phy DF OF 
 1 Viktor Svedberg          Zach Trotman                                      50     0   2  3  
 2 Anton Volchenkov         Bryce Salvador                                    50     0   2  3  

Penalty Kill 4 Players Forward 
   Center                   Wing                     Time % Phy DF OF 
 1 Travis Morin             J.T. Miller              50     1   3  1  
 2 Oscar Lindberg           Scott Wilson             50     1   3  1  

Penalty Kill 4 Players Defense
   Defense                  Defense                  Time % Phy DF OF 
 1 Viktor Svedberg          Bryce Salvador           50     1   4  0  
 2 Anton Volchenkov         Zach Trotman             50     1   4  0  

Penalty Kill - 3 Players Forward 
   Forward                                           Time % Phy DF OF 
 1 Travis Morin                                      50     1   4  0  
 2 J.T. Miller                                       50     1   4  0  

Penalty Kill - 3 Players Defense
   Defense                  Defense                  Time % Phy DF OF 
 1 Viktor Svedberg          Bryce Salvador           50     1   4  0  
 2 Anton Volchenkov         Zach Trotman             50     1   4  0  

4 vs 4 Forward 
   Center                   Wing                     Time % Phy DF OF 
 1 Conor Sheary             Petr Straka              50     1   2  2  
 2 Will Acton               Derek Hulak              50     1   2  2  

4 vs 4 Defense
   Defense                  Defense                  Time % Phy DF OF 
 1 Anton Volchenkov         Mathieu Brodeur          50     1   2  2  
 2 Jean-Philippe Cote       Zach Trotman             50     1   2  2  

Last Minutes Offensive
   Center                   Left Wing                Right Wing               Defense                  Defense                  
   Travis Morin             Matt Fraser              J.T. Miller              Anton Volchenkov         Zach Trotman             

Last Minutes Defensive
   Center                   Left Wing                Right Wing               Defense                  Defense                  
   Travis Morin             Oscar Lindberg           J.T. Miller              Anton Volchenkov         Bryce Salvador           

Goaltenders
Starting : Yann Danis               
Backup : FARM GOALIE15            

Extra Forwards
Normal : Petr Straka, Conor Sheary, Ben Holmstrom - PP : Petr Straka, J.T. Miller - PK : Oscar Lindberg
Extra Defensemen
Normal : Anton Volchenkov, Zach Trotman, Bryce Salvador - PP : Zach Trotman - PK : Anton Volchenkov, Bryce Salvador
Penalty Shots
Travis Morin, J.T. Miller, Oscar Lindberg, Conor Sheary, Scott Wilson

% Time on Ice - Falcons

Lines # - Real PCT - Wanted PCT - Time Play
Normal Forward
1 - 25% - 35% - 16:42
2 - 29% - 30% - 19:16
3 - 30% - 22% - 20:01
4 - 15% - 13% - 10:05
Normal Defense
1 - 28% - 35% - 18:24
2 - 32% - 30% - 21:11
3 - 29% - 22% - 19:21
4 - 11% - 13% - 7:08
PP Forward
1 - 48% - 60% - 2:09
2 - 52% - 40% - 2:18
PP Defense
1 - 50% - 60% - 2:14
2 - 50% - 40% - 2:13
PK Forward
1 - 87% - 60% - 7:19
2 - 13% - 40% - 1:06
PK Defense
1 - 59% - 60% - 4:56
2 - 41% - 40% - 3:29
PK3 Forward
1 - 0% - 60%
2 - 0% - 40%
PK3 Defense
1 - 0% - 60%
2 - 0% - 40%
44 Forward
1 - 100% - 60% - 1:30
2 - 0% - 40% - 0:00
44 Defense
1 - 81% - 60% - 1:13
2 - 19% - 40% - 0:17
Last Minute Offensive  - 0:00
Last Minute Defensive  - 0:00
Total
Forward - 80:26
Defense - 80:26

% Time on Ice - Ice Hogs

Lines # - Real PCT - Wanted PCT - Time Play
Normal Forward
1 - 25% - 30% - 16:34
2 - 25% - 25% - 16:32
3 - 26% - 25% - 17:27
4 - 23% - 20% - 15:31
Normal Defense
1 - 25% - 30% - 16:14
2 - 41% - 30% - 26:49
3 - 29% - 30% - 19:29
4 - 5% - 10% - 3:32
PP Forward
1 - 59% - 50% - 4:59
2 - 41% - 50% - 3:26
PP Defense
1 - 58% - 50% - 4:55
2 - 42% - 50% - 3:30
PK Forward
1 - 45% - 50% - 1:59
2 - 55% - 50% - 2:28
PK Defense
1 - 73% - 50% - 3:15
2 - 27% - 50% - 1:12
PK3 Forward
1 - 0% - 50%
2 - 0% - 50%
PK3 Defense
1 - 0% - 50%
2 - 0% - 50%
44 Forward
1 - 66% - 50% - 0:59
2 - 34% - 50% - 0:31
44 Defense
1 - 40% - 50% - 0:36
2 - 60% - 50% - 0:54
Last Minute Offensive  - 0:00
Last Minute Defensive  - 0:00
Total
Forward - 80:26
Defense - 80:26

Play by Play

1st period


0:01 of 1st period - Tobias Rieder wins face-off versus Travis Morin in neutral zone.
0:31 of 1st period - Slapshot by J.T. Miller.
0:31 of 1st period - Stopped by Christopher Gibson with a rebound.
0:33 of 1st period - Snap shot by Travis Morin.
0:33 of 1st period - Shot Blocked by Nathan Beaulieu.
1:01 of 1st period - Dmitrij Jaskin is hit by Viktor Svedberg and loses puck.
1:29 of 1st period - Slapshot by Jacob De La Rose.
1:29 of 1st period - Stopped by Yann Danis with a rebound.
1:31 of 1st period - Snap shot by Jacob De La Rose.
1:31 of 1st period - Deflect By Jonathan Marchessault.
1:31 of 1st period - Shot Blocked by Mathieu Brodeur.
1:31 of 1st period - Puck is out of play.
1:32 of 1st period - T.J. Tynan wins face-off versus Joey Hishon in Ice Hogs zone.
1:49 of 1st period - Wrist shot by Greg Rallo.
1:49 of 1st period - Deflect By T.J. Tynan.
1:49 of 1st period - Shot Misses the Net.
1:49 of 1st period - Puck is out of play.
1:50 of 1st period - Joey Hishon wins face-off versus Ben Holmstrom in Ice Hogs zone.
1:53 of 1st period - Snap shot by Eric Tangradi.
1:53 of 1st period - Deflect By Joey Hishon.
1:53 of 1st period - Shot Misses the Net.
1:53 of 1st period - Puck is out of play.
1:54 of 1st period - Markus Granlund wins face-off versus Ben Holmstrom in Ice Hogs zone.
2:31 of 1st period - Slapshot by Markus Granlund.
2:31 of 1st period - Shot Hit the Post.
3:33 of 1st period - T.J. Tynan is hit by Drayson Bowman and loses puck.
3:46 of 1st period - Snap shot by Drayson Bowman.
3:46 of 1st period - Shot Blocked by Anton Volchenkov.
3:48 of 1st period - Slapshot by Vincent LoVerde.
3:48 of 1st period - Stopped by Yann Danis with a rebound.
3:50 of 1st period - Wrist shot by Robert Hagg.
3:50 of 1st period - Stopped by Yann Danis with a rebound.
3:52 of 1st period - Slapshot by Robert Hagg.
3:52 of 1st period - Shot Misses the Net.
4:08 of 1st period - Matt Fraser is hit by Tobias Rieder and loses puck.
4:33 of 1st period - Wrist shot by Jonathan Marchessault.
4:33 of 1st period - Stopped by Yann Danis with a rebound.
4:35 of 1st period - Slapshot by Jonathan Marchessault.
4:35 of 1st period - Shot Misses the Net.
4:37 of 1st period - Slapshot by Nathan Beaulieu.
4:37 of 1st period - Deflect By Jacob De La Rose.
4:37 of 1st period - Stopped by Yann Danis with a rebound.
4:39 of 1st period - Snap shot by Markus Granlund.
4:39 of 1st period - Shot Misses the Net.
4:41 of 1st period - Slapshot by Brandon Davidson.
4:41 of 1st period - Stopped by Yann Danis with a rebound.
4:43 of 1st period - Slapshot by Brandon Davidson.
4:43 of 1st period - Shot Misses the Net.
4:45 of 1st period - Wrist shot by Markus Granlund.
4:45 of 1st period - Stopped by Yann Danis without a rebound.
4:46 of 1st period - Oscar Lindberg wins face-off versus Greg Rallo in Ice Hogs zone.
4:46 of 1st period - Oscar Lindberg is hit by Joey Hishon.
5:04 of 1st period - Slapshot by Scott Wilson.
5:04 of 1st period - Shot Blocked by Greg Rallo.
5:06 of 1st period - Snap shot by Petr Straka.
5:06 of 1st period - Stopped by Christopher Gibson with a rebound.
5:08 of 1st period - Slapshot by Jean-Philippe Cote.
5:08 of 1st period - Deflect By Joey Hishon.
5:08 of 1st period - Stopped by Christopher Gibson without a rebound.
5:09 of 1st period - Ben Holmstrom wins face-off versus Markus Granlund in Falcons zone.
5:14 of 1st period - Snap shot by Derek Hulak.
5:14 of 1st period - Shot Misses the Net.
5:16 of 1st period - Slapshot by Anton Volchenkov.
5:16 of 1st period - Shot Misses the Net.
5:18 of 1st period - Wrist shot by Alexandre Carrier.
5:18 of 1st period - Stopped by Christopher Gibson without a rebound.
5:19 of 1st period - Markus Granlund wins face-off versus Ben Holmstrom in Falcons zone.
5:34 of 1st period - Wrist shot by Derek Hulak.
5:34 of 1st period - Shot Misses the Net.
5:36 of 1st period - Wrist shot by Bryce Salvador.
5:36 of 1st period - Shot Misses the Net.
5:38 of 1st period - Slapshot by Anton Volchenkov.
5:38 of 1st period - Stopped by Christopher Gibson without a rebound.
5:39 of 1st period - Joey Hishon wins face-off versus Oscar Lindberg in Falcons zone.
5:54 of 1st period - Wrist shot by Scott Wilson.
5:54 of 1st period - Shot Misses the Net.
6:39 of 1st period - Wrist shot by Travis Morin.
6:39 of 1st period - Stopped by Christopher Gibson with a rebound.
6:56 of 1st period - Slapshot by J.T. Miller.
6:56 of 1st period - Shot Misses the Net.
7:12 of 1st period - Markus Granlund is hit by Will Acton and loses puck.
8:09 of 1st period - Snap shot by Derek Hulak.
8:09 of 1st period - Stopped by Christopher Gibson with a rebound.
8:11 of 1st period - Slapshot by Mathieu Brodeur.
8:11 of 1st period - Shot Blocked by Tobias Rieder.
8:21 of 1st period - Wrist shot by Derek Hulak.
8:21 of 1st period - Stopped by Christopher Gibson without a rebound.
8:22 of 1st period - Oscar Lindberg wins face-off versus Joey Hishon in Falcons zone.
8:43 of 1st period - Wrist shot by Scott Wilson.
8:43 of 1st period - Deflect By Oscar Lindberg.
8:43 of 1st period - Shot Misses the Net.
8:43 of 1st period - Puck is out of play.
8:44 of 1st period - Markus Granlund wins face-off versus Matt Fraser in Falcons zone.
9:11 of 1st period - Slapshot by J.T. Miller.
9:11 of 1st period - Shot Blocked by Jonathan Marchessault.
9:57 of 1st period - Wrist shot by Greg Rallo.
9:57 of 1st period - Shot Misses the Net.
9:59 of 1st period - Slapshot by Ville Pokka.
9:59 of 1st period - Stopped by Yann Danis without a rebound.
10:00 of 1st period - T.J. Tynan wins face-off versus Freddie Hamilton in Ice Hogs zone.
10:32 of 1st period - Wrist shot by Will Acton.
10:32 of 1st period - Stopped by Christopher Gibson with a rebound.
10:34 of 1st period - Slapshot by Jean-Philippe Cote.
10:34 of 1st period - Shot Misses the Net.
10:36 of 1st period - Slapshot by Zach Trotman.
10:36 of 1st period - Stopped by Christopher Gibson with a rebound.
10:50 of 1st period - Brandon Davidson is hit by Zach Trotman and loses puck.
10:57 of 1st period - Snap shot by Derek Hulak.
10:57 of 1st period - Deflect By Ben Holmstrom.
10:57 of 1st period - Shot Misses the Net.
10:57 of 1st period - Puck is out of play.
10:58 of 1st period - Joey Hishon wins face-off versus Ben Holmstrom in Falcons zone.
11:03 of 1st period - Bryce Salvador is hit by Joey Hishon and loses puck.
11:12 of 1st period - Ville Pokka is hit by Alexandre Carrier and loses puck.
11:22 of 1st period - Viktor Svedberg and Eric Tangradi fight to a draw.
11:22 of 1st period - Penalty to Viktor Svedberg for Fighting.
11:22 of 1st period - Penalty to Eric Tangradi for Fighting.
11:22 of 1st period - Penalty to Eric Tangradi for instigated a fight.
11:22 of 1st period - Penalty to Eric Tangradi for instigated a fight.
11:23 of 1st period - Travis Morin wins face-off versus Tobias Rieder in Falcons zone.
11:57 of 1st period - Off-side.
11:58 of 1st period - Oscar Lindberg wins face-off versus Tobias Rieder in neutral zone.
12:22 of 1st period - Slapshot by Bryce Salvador.
12:22 of 1st period - Shot Blocked by Tobias Rieder.
12:24 of 1st period - Slapshot by Anton Volchenkov.
12:24 of 1st period - Deflect By Tobias Rieder.
12:24 of 1st period - Stopped by Christopher Gibson without a rebound.
12:25 of 1st period - Travis Morin wins face-off versus Tobias Rieder in Falcons zone.
12:43 of 1st period - Off-side.
12:44 of 1st period - Travis Morin wins face-off versus Markus Granlund in neutral zone.
13:22 of 1st period - Penalty to Eric Tangradi is over, Greg Rallo is send on ice.
14:11 of 1st period - Snap shot by Markus Granlund.
14:11 of 1st period - Shot Misses the Net.
14:21 of 1st period - Joey Hishon is hit by Will Acton.
14:30 of 1st period - Bryce Salvador is hit by Joey Hishon and loses puck.
15:20 of 1st period - Vincent LoVerde is hit by Alexandre Carrier and loses puck.
15:31 of 1st period - Derek Hulak is hit by Jonathan Marchessault and loses puck.
15:57 of 1st period - Icing by Brandon Davidson.
15:58 of 1st period - Travis Morin wins face-off versus Tobias Rieder in Falcons zone.
16:01 of 1st period - Wrist shot by Matt Fraser.
16:01 of 1st period - Stopped by Christopher Gibson with a rebound.
16:18 of 1st period - Brandon Davidson is hit by J.T. Miller.
16:22 of 1st period - Nathan Beaulieu is hit by Matt Fraser and loses puck.
17:15 of 1st period - Michael Kostka is hit by Petr Straka.
17:22 of 1st period - Icing by Jean-Philippe Cote.
17:23 of 1st period - Joey Hishon wins face-off versus Oscar Lindberg in Ice Hogs zone.
17:37 of 1st period - Wrist shot by Joey Hishon.
17:37 of 1st period - Shot Misses the Net.
18:37 of 1st period - Wrist shot by Markus Granlund.
18:37 of 1st period - Deflect By Jacob De La Rose.
18:37 of 1st period - Shot Misses the Net.
18:37 of 1st period - Puck is out of play.
18:38 of 1st period - Travis Morin wins face-off versus Jacob De La Rose in Ice Hogs zone.
18:58 of 1st period - Wrist shot by Dmitrij Jaskin.
18:58 of 1st period - Stopped by Yann Danis without a rebound.
18:59 of 1st period - T.J. Tynan wins face-off versus Joey Hishon in Ice Hogs zone.
19:06 of 1st period - Slapshot by Zach Trotman.
19:06 of 1st period - Stopped by Christopher Gibson without a rebound.
19:07 of 1st period - T.J. Tynan wins face-off versus Tobias Rieder in Falcons zone.
19:20 of 1st period - Wrist shot by Dmitrij Jaskin.
19:20 of 1st period - Shot Misses the Net.
19:36 of 1st period - Wrist shot by Jonathan Marchessault.
19:36 of 1st period - Shot Blocked by Jean-Philippe Cote.
19:38 of 1st period - Slapshot by Michael Kostka.
19:38 of 1st period - Stopped by Yann Danis with a rebound.
19:40 of 1st period - Slapshot by Markus Granlund.
19:40 of 1st period - Shot Blocked by Zach Trotman.
19:42 of 1st period - Slapshot by Ville Pokka.
19:42 of 1st period - Shot Blocked by Jean-Philippe Cote.
19:58 of 1st period - Zach Trotman is hit by Michael Kostka and loses puck.
Goals for this period are 0 for Falcons vs 0 for Ice Hogs.
Shots for this period are 10 for Falcons vs 13 for Ice Hogs.

2nd period


0:01 of 2nd period - Travis Morin wins face-off versus Tobias Rieder in neutral zone.
0:14 of 2nd period - Slapshot by Dmitrij Jaskin.
0:14 of 2nd period - Shot Blocked by J.T. Miller.
0:16 of 2nd period - Snap shot by Freddie Hamilton.
0:16 of 2nd period - Deflect By Dmitrij Jaskin.
0:16 of 2nd period - Stopped by Yann Danis with a rebound.
0:18 of 2nd period - Snap shot by Freddie Hamilton.
0:18 of 2nd period - Shot Misses the Net.
0:20 of 2nd period - Slapshot by Brandon Davidson.
0:20 of 2nd period - Deflect By Tobias Rieder.
0:20 of 2nd period - Shot Misses the Net.
0:20 of 2nd period - Puck is out of play.
0:21 of 2nd period - Oscar Lindberg wins face-off versus Markus Granlund in Ice Hogs zone.
1:26 of 2nd period - Slapshot by Matt Fraser.
1:26 of 2nd period - Stopped by Christopher Gibson with a rebound.
1:41 of 2nd period - Off-side.
1:42 of 2nd period - Ben Holmstrom wins face-off versus Joey Hishon in neutral zone.
2:47 of 2nd period - Slapshot by Zach Trotman.
2:47 of 2nd period - Shot Blocked by Vincent LoVerde.
2:49 of 2nd period - Wrist shot by Will Acton.
2:49 of 2nd period - Stopped by Christopher Gibson with a rebound.
2:51 of 2nd period - Slapshot by Zach Trotman.
2:51 of 2nd period - Stopped by Christopher Gibson with a rebound.
2:53 of 2nd period - Slapshot by Zach Trotman.
2:53 of 2nd period - Stopped by Christopher Gibson with a rebound.
2:55 of 2nd period - Snap shot by Will Acton.
2:55 of 2nd period - Shot Blocked by Vincent LoVerde.
3:24 of 2nd period - Wrist shot by Tobias Rieder.
3:24 of 2nd period - Goal by Tobias Rieder - Falcons : 1 - Ice Hogs : 0.
3:25 of 2nd period - Travis Morin wins face-off versus Dmitrij Jaskin in neutral zone.
3:44 of 2nd period - Wrist shot by Tobias Rieder.
3:44 of 2nd period - Shot Misses the Net.
3:46 of 2nd period - Snap shot by Brandon Davidson.
3:46 of 2nd period - Stopped by Yann Danis with a rebound.
3:52 of 2nd period - Wrist shot by Dmitrij Jaskin.
3:52 of 2nd period - Shot Blocked by Viktor Svedberg.
3:54 of 2nd period - Wrist shot by Tobias Rieder.
3:54 of 2nd period - Deflect By Dmitrij Jaskin.
3:54 of 2nd period - Stopped by Yann Danis with a rebound.
3:56 of 2nd period - Slapshot by Tobias Rieder.
3:56 of 2nd period - Stopped by Yann Danis without a rebound.
3:57 of 2nd period - Drayson Bowman wins face-off versus Oscar Lindberg in Ice Hogs zone.
4:28 of 2nd period - Joey Hishon is hit by Petr Straka and loses puck.
5:16 of 2nd period - Snap shot by Jonathan Marchessault.
5:16 of 2nd period - Stopped by Yann Danis with a rebound.
5:36 of 2nd period - J.T. Miller is hit by Nathan Beaulieu and loses puck.
6:07 of 2nd period - Minor Penalty to Travis Morin for Goalie Interference.
6:08 of 2nd period - Scott Wilson wins face-off versus Markus Granlund in Ice Hogs zone.
6:22 of 2nd period - 10 Minutes Misconduct Penalty to Eric Tangradi is over.
6:49 of 2nd period - Bryce Salvador is hit by Nathan Beaulieu and loses puck.
7:00 of 2nd period - Zach Trotman is hit by Nathan Beaulieu and loses puck.
7:22 of 2nd period - Viktor Svedberg is hit by Jonathan Marchessault.
8:07 of 2nd period - Penalty to Travis Morin is over, Travis Morin is back on ice.
8:23 of 2nd period - Jean-Philippe Cote beats up Eric Tangradi.
8:23 of 2nd period - Penalty to Jean-Philippe Cote for Fighting.
8:23 of 2nd period - Penalty to Eric Tangradi for Fighting.
8:23 of 2nd period - Penalty to Eric Tangradi for instigated a fight.
8:23 of 2nd period - Penalty to Eric Tangradi for instigated a fight.
8:24 of 2nd period - Dmitrij Jaskin wins face-off versus Oscar Lindberg in neutral zone.
9:33 of 2nd period - Bryce Salvador is hit by Tobias Rieder.
10:14 of 2nd period - Icing by Anton Volchenkov.
10:15 of 2nd period - Travis Morin wins face-off versus Drayson Bowman in Ice Hogs zone.
10:23 of 2nd period - Penalty to Eric Tangradi is over, Greg Rallo is send on ice.
10:31 of 2nd period - Icing by Jacob De La Rose.
10:32 of 2nd period - Drayson Bowman wins face-off versus Oscar Lindberg in Falcons zone.
10:48 of 2nd period - Icing by Brandon Davidson.
10:49 of 2nd period - Jacob De La Rose wins face-off versus T.J. Tynan in Falcons zone.
11:00 of 2nd period - Anton Volchenkov is hit by Nathan Beaulieu.
11:22 of 2nd period - Wrist shot by Greg Rallo.
11:22 of 2nd period - Stopped by Yann Danis with a rebound.
11:24 of 2nd period - Snap shot by Joey Hishon.
11:24 of 2nd period - Stopped by Yann Danis with a rebound.
12:58 of 2nd period - Slapshot by Joey Hishon.
12:58 of 2nd period - Shot Blocked by Travis Morin.
13:59 of 2nd period - Zach Trotman is hit by Dmitrij Jaskin and loses puck.
14:16 of 2nd period - Tobias Rieder is hit by T.J. Tynan and loses puck.
15:06 of 2nd period - Snap shot by Derek Hulak.
15:06 of 2nd period - Stopped by Christopher Gibson without a rebound.
15:07 of 2nd period - Tobias Rieder wins face-off versus Oscar Lindberg in Falcons zone.
15:32 of 2nd period - Brandon Davidson is hit by Anton Volchenkov and loses puck.
16:04 of 2nd period - Wrist shot by Matt Fraser.
16:04 of 2nd period - Shot Blocked by Joey Hishon.
16:06 of 2nd period - Wrist shot by Travis Morin.
16:06 of 2nd period - Shot Misses the Net.
16:15 of 2nd period - Off-side.
16:16 of 2nd period - Markus Granlund wins face-off versus Ben Holmstrom in neutral zone.
16:18 of 2nd period - Nathan Beaulieu is hit by Derek Hulak and loses puck.
16:53 of 2nd period - Tobias Rieder is hit by Ben Holmstrom and loses puck.
18:07 of 2nd period - Wrist shot by Drayson Bowman.
18:07 of 2nd period - Shot Misses the Net.
18:09 of 2nd period - Snap shot by Markus Granlund.
18:09 of 2nd period - Stopped by Yann Danis with a rebound.
18:32 of 2nd period - Viktor Svedberg is hit by Michael Kostka and loses puck.
18:54 of 2nd period - Slapshot by J.T. Miller.
18:54 of 2nd period - Stopped by Christopher Gibson with a rebound.
Goals for this period are 1 for Falcons vs 0 for Ice Hogs.
Shots for this period are 9 for Falcons vs 6 for Ice Hogs.

3rd period


0:01 of 3rd period - Tobias Rieder wins face-off versus J.T. Miller in neutral zone.
0:32 of 3rd period - Snap shot by Matt Fraser.
0:32 of 3rd period - Stopped by Christopher Gibson with a rebound.
0:34 of 3rd period - Snap shot by Anton Volchenkov.
0:34 of 3rd period - Stopped by Christopher Gibson without a rebound.
0:35 of 3rd period - Oscar Lindberg wins face-off versus Markus Granlund in Falcons zone.
1:31 of 3rd period - Nathan Beaulieu is hit by Will Acton and loses puck.
1:50 of 3rd period - Joey Hishon is hit by Jean-Philippe Cote and loses puck.
2:05 of 3rd period - Freddie Hamilton is hit by Matt Fraser and loses puck.
2:10 of 3rd period - Snap shot by J.T. Miller.
2:10 of 3rd period - Stopped by Christopher Gibson with a rebound.
2:12 of 3rd period - Slapshot by Matt Fraser.
2:12 of 3rd period - Deflect By Travis Morin.
2:12 of 3rd period - Stopped by Christopher Gibson with a rebound.
2:14 of 3rd period - Wrist shot by Mathieu Brodeur.
2:14 of 3rd period - Shot Blocked by Dmitrij Jaskin.
2:16 of 3rd period - Slapshot by Anton Volchenkov.
2:16 of 3rd period - Shot Misses the Net.
2:30 of 3rd period - Snap shot by Matt Fraser.
2:30 of 3rd period - Shot Misses the Net.
2:32 of 3rd period - Slapshot by Mathieu Brodeur.
2:32 of 3rd period - Deflect By Matt Fraser.
2:32 of 3rd period - Stopped by Christopher Gibson without a rebound.
2:33 of 3rd period - Ben Holmstrom wins face-off versus Markus Granlund in Falcons zone.
2:36 of 3rd period - Slapshot by Bryce Salvador.
2:36 of 3rd period - Deflect By Nathan Beaulieu.
2:36 of 3rd period - Goal by Bryce Salvador - Falcons : 1 - Ice Hogs : 1.
2:37 of 3rd period - Oscar Lindberg wins face-off versus Markus Granlund in neutral zone.
2:42 of 3rd period - Snap shot by Anton Volchenkov.
2:42 of 3rd period - Shot Misses the Net.
2:44 of 3rd period - Snap shot by Scott Wilson.
2:44 of 3rd period - Deflect By Petr Straka.
2:44 of 3rd period - Stopped by Christopher Gibson with a rebound.
2:46 of 3rd period - Snap shot by Anton Volchenkov.
2:46 of 3rd period - Shot Blocked by Jonathan Marchessault.
2:48 of 3rd period - Snap shot by Mathieu Brodeur.
2:48 of 3rd period - Shot Misses the Net.
2:50 of 3rd period - Slapshot by Anton Volchenkov.
2:50 of 3rd period - Shot Misses the Net.
2:52 of 3rd period - Wrist shot by Anton Volchenkov.
2:52 of 3rd period - Stopped by Christopher Gibson with a rebound.
3:00 of 3rd period - Slapshot by Oscar Lindberg.
3:00 of 3rd period - Stopped by Christopher Gibson with a rebound.
3:02 of 3rd period - Slapshot by Scott Wilson.
3:02 of 3rd period - Shot Misses the Net.
3:04 of 3rd period - Slapshot by Oscar Lindberg.
3:04 of 3rd period - Shot Blocked by Markus Granlund.
3:06 of 3rd period - Snap shot by Anton Volchenkov.
3:06 of 3rd period - Deflect By Oscar Lindberg.
3:06 of 3rd period - Shot Misses the Net.
3:06 of 3rd period - Puck is out of play.
3:07 of 3rd period - Travis Morin wins face-off versus Tobias Rieder in Falcons zone.
3:10 of 3rd period - Snap shot by J.T. Miller.
3:10 of 3rd period - Stopped by Christopher Gibson with a rebound.
3:12 of 3rd period - Slapshot by Bryce Salvador.
3:12 of 3rd period - Stopped by Christopher Gibson with a rebound.
3:23 of 3rd period - 10 Minutes Misconduct Penalty to Eric Tangradi is over.
4:04 of 3rd period - Mathieu Brodeur is hit by Ville Pokka and loses puck.
4:15 of 3rd period - Snap shot by Nathan Beaulieu.
4:15 of 3rd period - Shot Blocked by Will Acton.
4:17 of 3rd period - Snap shot by Joey Hishon.
4:17 of 3rd period - Stopped by Yann Danis with a rebound.
4:19 of 3rd period - Slapshot by Brandon Davidson.
4:19 of 3rd period - Stopped by Yann Danis with a rebound.
4:57 of 3rd period - Jacob De La Rose is hit by Oscar Lindberg and loses puck.
5:06 of 3rd period - Wrist shot by Oscar Lindberg.
5:06 of 3rd period - Shot Misses the Net.
5:08 of 3rd period - Snap shot by Zach Trotman.
5:08 of 3rd period - Shot Misses the Net.
5:28 of 3rd period - Slapshot by Zach Trotman.
5:28 of 3rd period - Shot Misses the Net.
5:30 of 3rd period - Slapshot by Zach Trotman.
5:30 of 3rd period - Shot Blocked by Robert Hagg.
6:01 of 3rd period - Icing by Derek Hulak.
6:02 of 3rd period - Travis Morin wins face-off versus Tobias Rieder in Ice Hogs zone.
6:02 of 3rd period - Travis Morin is hit by Dmitrij Jaskin.
6:49 of 3rd period - Off-side.
6:50 of 3rd period - T.J. Tynan wins face-off versus Joey Hishon in neutral zone.
7:49 of 3rd period - Wrist shot by Oscar Lindberg.
7:49 of 3rd period - Stopped by Christopher Gibson without a rebound.
7:50 of 3rd period - Oscar Lindberg wins face-off versus Tobias Rieder in Falcons zone.
8:09 of 3rd period - Wrist shot by Dmitrij Jaskin.
8:09 of 3rd period - Stopped by Yann Danis with a rebound.
8:11 of 3rd period - Snap shot by Nathan Beaulieu.
8:11 of 3rd period - Shot Misses the Net.
8:41 of 3rd period - Snap shot by Markus Granlund.
8:41 of 3rd period - Shot Misses the Net.
10:03 of 3rd period - Bryce Salvador is hit by Dmitrij Jaskin and loses puck.
10:49 of 3rd period - Mathieu Brodeur and Robert Hagg fight to a draw.
10:49 of 3rd period - Penalty to Mathieu Brodeur for Fighting.
10:49 of 3rd period - Penalty to Robert Hagg for Fighting.
10:49 of 3rd period - Penalty to Mathieu Brodeur for instigated a fight.
10:49 of 3rd period - Penalty to Mathieu Brodeur for instigated and being the aggresor in a fight.
10:49 of 3rd period - Mathieu Brodeur is ejected from game.
10:50 of 3rd period - Oscar Lindberg wins face-off versus Markus Granlund in Falcons zone.
11:26 of 3rd period - Anton Volchenkov is hit by Brandon Davidson and loses puck.
11:51 of 3rd period - Snap shot by Freddie Hamilton.
11:51 of 3rd period - Deflect By Bryce Salvador.
11:51 of 3rd period - Shot Misses the Net.
11:51 of 3rd period - Puck is out of play.
11:52 of 3rd period - Travis Morin wins face-off versus Tobias Rieder in Ice Hogs zone.
12:07 of 3rd period - Snap shot by Dmitrij Jaskin.
12:07 of 3rd period - Stopped by Yann Danis with a rebound.
12:49 of 3rd period - Penalty to Mathieu Brodeur is over, Matt Fraser is send on ice.
13:05 of 3rd period - Greg Rallo is hit by Oscar Lindberg.
13:23 of 3rd period - Slapshot by Greg Rallo.
13:23 of 3rd period - Shot Blocked by Anton Volchenkov.
13:29 of 3rd period - Snap shot by Anton Volchenkov.
13:29 of 3rd period - Shot Blocked by Vincent LoVerde.
13:47 of 3rd period - Snap shot by T.J. Tynan.
13:47 of 3rd period - Deflect By Will Acton.
13:47 of 3rd period - Stopped by Christopher Gibson without a rebound.
13:48 of 3rd period - Ben Holmstrom wins face-off versus Markus Granlund in Falcons zone.
14:02 of 3rd period - Minor Penalty to Jonathan Marchessault for Holding.
14:03 of 3rd period - J.T. Miller wins face-off versus Tobias Rieder in Falcons zone.
14:31 of 3rd period - Minor Penalty to Travis Morin for Goalie Interference.
14:32 of 3rd period - Conor Sheary wins face-off versus Tobias Rieder in Ice Hogs zone.
14:37 of 3rd period - Dmitrij Jaskin is hit by Conor Sheary and loses puck.
15:24 of 3rd period - Zach Trotman is hit by Eric Tangradi and loses puck.
15:49 of 3rd period - Penalty to Mathieu Brodeur is over, Ben Holmstrom is send on ice.
15:49 of 3rd period - Penalty to Robert Hagg is over, Robert Hagg is back on ice.
16:02 of 3rd period - Penalty to Jonathan Marchessault is over, Jonathan Marchessault is back on ice.
16:10 of 3rd period - Snap shot by Jonathan Marchessault.
16:10 of 3rd period - Stopped by Yann Danis with a rebound.
16:12 of 3rd period - Slapshot by Michael Kostka.
16:12 of 3rd period - Deflect By Zach Trotman.
16:12 of 3rd period - Stopped by Yann Danis with a rebound.
16:32 of 3rd period - Jacob De La Rose is hit by Will Acton and loses puck.
17:09 of 3rd period - Tobias Rieder is hit by Bryce Salvador.
17:38 of 3rd period - Icing by J.T. Miller.
17:39 of 3rd period - Joey Hishon wins face-off versus Matt Fraser in Ice Hogs zone.
17:44 of 3rd period - Wrist shot by Joey Hishon.
17:44 of 3rd period - Shot Misses the Net.
18:53 of 3rd period - Slapshot by Joey Hishon.
18:53 of 3rd period - Shot Misses the Net.
Goals for this period are 0 for Falcons vs 1 for Ice Hogs.
Shots for this period are 6 for Falcons vs 13 for Ice Hogs.

Overtime #1


0:01 of 1st overtime period - Travis Morin wins face-off versus Tobias Rieder in neutral zone.
0:55 of 1st overtime period - Wrist shot by Markus Granlund.
0:55 of 1st overtime period - Stopped by Yann Danis with a rebound.
1:15 of 1st overtime period - Ville Pokka is hit by T.J. Tynan and loses puck.
1:38 of 1st overtime period - Greg Rallo is hit by Scott Wilson and loses puck.
1:46 of 1st overtime period - Minor Penalty to Eric Tangradi for Roughing.
1:47 of 1st overtime period - Travis Morin wins face-off versus Tobias Rieder in Falcons zone.
2:48 of 1st overtime period - Michael Kostka is hit by Petr Straka and loses puck.
3:46 of 1st overtime period - Penalty to Eric Tangradi is over, Eric Tangradi is back on ice.
3:46 of 1st overtime period - Markus Granlund is hit by Petr Straka and loses puck.
3:57 of 1st overtime period - Bryce Salvador is hit by Nathan Beaulieu and loses puck.
5:09 of 1st overtime period - Anton Volchenkov is hit by Jacob De La Rose.
5:40 of 1st overtime period - Shane Harper is hit by Anton Volchenkov and loses puck.
5:49 of 1st overtime period - 10 Minutes Misconduct Penalty to Mathieu Brodeur is over.
6:16 of 1st overtime period - Wrist shot by Matt Fraser.
6:16 of 1st overtime period - Shot Misses the Net.
6:28 of 1st overtime period - Slapshot by Zach Trotman.
6:28 of 1st overtime period - Stopped by Christopher Gibson with a rebound.
6:30 of 1st overtime period - Slapshot by Jean-Philippe Cote.
6:30 of 1st overtime period - Deflect By Brandon Davidson.
6:30 of 1st overtime period - Stopped by Christopher Gibson without a rebound.
6:31 of 1st overtime period - T.J. Tynan wins face-off versus Markus Granlund in Falcons zone.
6:38 of 1st overtime period - Snap shot by Conor Sheary.
6:38 of 1st overtime period - Shot Misses the Net.
6:40 of 1st overtime period - Slapshot by Viktor Svedberg.
6:40 of 1st overtime period - Shot Blocked by Ville Pokka.
6:52 of 1st overtime period - Slapshot by Conor Sheary.
6:52 of 1st overtime period - Shot Blocked by Markus Granlund.
6:54 of 1st overtime period - Slapshot by Jean-Philippe Cote.
6:54 of 1st overtime period - Shot Blocked by Ville Pokka.
6:56 of 1st overtime period - Slapshot by Viktor Svedberg.
6:56 of 1st overtime period - Shot Blocked by Jacob De La Rose.
7:56 of 1st overtime period - Shane Harper is hit by J.T. Miller and loses puck.
8:06 of 1st overtime period - Snap shot by Drayson Bowman.
8:06 of 1st overtime period - Stopped by Yann Danis with a rebound.
9:58 of 1st overtime period - Brandon Davidson is hit by Matt Fraser and loses puck.
11:46 of 1st overtime period - Snap shot by Scott Wilson.
11:46 of 1st overtime period - Shot Blocked by Eric Tangradi.
11:48 of 1st overtime period - Slapshot by Matt Fraser.
11:48 of 1st overtime period - Stopped by Christopher Gibson without a rebound.
11:49 of 1st overtime period - Oscar Lindberg wins face-off versus Joey Hishon in Falcons zone.
12:22 of 1st overtime period - Slapshot by Travis Morin.
12:22 of 1st overtime period - Stopped by Christopher Gibson with a rebound.
13:30 of 1st overtime period - Snap shot by Markus Granlund.
13:30 of 1st overtime period - Shot Misses the Net.
14:46 of 1st overtime period - Slapshot by Oscar Lindberg.
14:46 of 1st overtime period - Stopped by Christopher Gibson with a rebound.
14:58 of 1st overtime period - Minor Penalty to Ville Pokka for Tripping.
14:59 of 1st overtime period - Travis Morin wins face-off versus Tobias Rieder in Falcons zone.
15:12 of 1st overtime period - Wrist shot by Dmitrij Jaskin.
15:12 of 1st overtime period - Stopped by Yann Danis without a rebound.
15:13 of 1st overtime period - J.T. Miller wins face-off versus Tobias Rieder in Ice Hogs zone.
15:33 of 1st overtime period - Nathan Beaulieu is hit by Bryce Salvador and loses puck.
16:43 of 1st overtime period - Markus Granlund is hit by Viktor Svedberg.
16:47 of 1st overtime period - Markus Granlund is hit by Will Acton and loses puck.
16:58 of 1st overtime period - Penalty to Ville Pokka is over, Ville Pokka is back on ice.
17:28 of 1st overtime period - Snap shot by Derek Hulak.
17:28 of 1st overtime period - Shot Misses the Net.
17:30 of 1st overtime period - Slapshot by Bryce Salvador.
17:30 of 1st overtime period - Shot Misses the Net.
17:32 of 1st overtime period - Backhand shot by Ben Holmstrom.
17:32 of 1st overtime period - Shot Misses the Net.
17:34 of 1st overtime period - Slapshot by Matt Fraser.
17:34 of 1st overtime period - Stopped by Christopher Gibson with a rebound.
17:36 of 1st overtime period - Snap shot by Alexandre Carrier.
17:36 of 1st overtime period - Shot Misses the Net.
17:38 of 1st overtime period - Snap shot by Ben Holmstrom.
17:38 of 1st overtime period - Stopped by Christopher Gibson with a rebound.
18:19 of 1st overtime period - Joey Hishon is hit by Bryce Salvador and loses puck.
18:44 of 1st overtime period - Drayson Bowman is hit by Jean-Philippe Cote and loses puck.
19:19 of 1st overtime period - Derek Hulak is hit by Tobias Rieder and loses puck.
19:30 of 1st overtime period - Snap shot by Freddie Hamilton.
19:30 of 1st overtime period - Shot Misses the Net.
19:32 of 1st overtime period - Snap shot by Vincent LoVerde.
19:32 of 1st overtime period - Deflect By Freddie Hamilton.
19:32 of 1st overtime period - Stopped by Yann Danis with a rebound.
19:34 of 1st overtime period - Slapshot by Vincent LoVerde.
19:34 of 1st overtime period - Deflect By Derek Hulak.
19:34 of 1st overtime period - Stopped by Yann Danis with a rebound.
19:36 of 1st overtime period - Slapshot by Vincent LoVerde.
19:36 of 1st overtime period - Deflect By Freddie Hamilton.
19:36 of 1st overtime period - Shot Misses the Net.
19:36 of 1st overtime period - Puck is out of play.
19:37 of 1st overtime period - Freddie Hamilton wins face-off versus T.J. Tynan in Ice Hogs zone.
19:46 of 1st overtime period - Wrist shot by Drayson Bowman.
19:46 of 1st overtime period - Shot Misses the Net.
Goals for this period are 0 for Falcons vs 0 for Ice Hogs.
Shots for this period are 5 for Falcons vs 7 for Ice Hogs.

Overtime #2


0:01 of 2nd overtime period - Travis Morin wins face-off versus Tobias Rieder in neutral zone.
0:24 of 2nd overtime period - Snap shot by Tobias Rieder.
0:24 of 2nd overtime period - Stopped by Yann Danis with a rebound.
0:26 of 2nd overtime period - Wrist shot by Freddie Hamilton.
0:26 of 2nd overtime period - Goal by Freddie Hamilton - Falcons : 2 - Ice Hogs : 1.
Goals for this period are 1 for Falcons vs 0 for Ice Hogs.
Shots for this period are 2 for Falcons vs 0 for Ice Hogs.